 Dungeon Crawl Stone Soup version 0.29.1-1-gd02db69 (webtiles) character file.

Game seed: 3423348885980531881

22 Nurgordie the Caller (level 2, 0/19 HPs)
             Began as a Merfolk Summoner on Nov 17, 2022.
             Slain by a hobgoblin (2 damage)
             ... on level 2 of the Dungeon.
             The game lasted 00:03:23 (1499 turns).

Nurgordie the Caller (Merfolk Summoner)             Turns: 1499, Time: 00:03:23

Health: 0/19       AC:  2    Str:  8    XL:     2   Next: 91%
Magic:  2/5        EV: 12    Int: 14    God:
Gold:   83         SH:  0    Dex: 14    Spells: 4/5 levels left

rFire   . . .      SeeInvis .   (no weapon)
rCold   . . .      Faith    .   (no shield)
rNeg    . . .      Spirit   .   a - +0 robe
rPois   .          Reflect  .   (no helmet)
rElec   .          Harm     .   (no cloak)
rCorr   .          Rampage  .   (no gloves)
Will    .....                   (no boots)
Stlth   ++........              (no amulet)
HPRegen 0.06/turn               (no ring)
MPRegen 0.09/turn               (no ring)

@: no status effects
A: (nimble swimmer 2), mertail
a: no special abilities


You were on level 2 of the Dungeon.
You visited 1 branch of the dungeon, and saw 2 of its levels.

You collected 83 gold pieces.

Inventory:

Armour
 a - a +0 robe (worn)
 c - a +0 scale mail
Jewellery
 d - an amulet of reflection
 h - a ring of resist corrosion
Scrolls
 e - 2 scrolls of identify {unknown}
 f - a scroll of poison {unknown}
Potions
 b - a potion of magic
 g - a potion of attraction {unknown}
 i - a potion of invisibility {unknown}


   Skills:
 + Level 2.8 Dodging
 + Level 2.4 Stealth
 + Level 0.3 Unarmed Combat
 + Level 2.1 Spellcasting
 + Level 4.5 Summonings


You had 4 spell levels left.
You knew the following spells:

 Your Spells              Type           Power      Damage    Failure   Level
a - Summon Small Mammal   Summ           56%        N/A       3%          1

Your spell library contained the following spells:

 Spells                   Type           Power      Damage    Failure   Level
 Call Imp                 Summ           14%        N/A       5%          2
 Call Canine Familiar     Summ           14%        N/A       11%         3
 Summon Guardian Golem    Hex/Summ       7%         N/A       28%         3
 Dazzling Flash           Conj/Hex       2%         N/A       56%         3
 Summon Lightning Spire   Summ/Air       7%         N/A       67%         4
 Agony                    Necr           1%         N/A       100%        5
 Silence                  Hex/Air        0%         N/A       100%        5


Dungeon Overview and Level Annotations

Branches:
Dungeon (2/15)

Altars:


Innate Abilities, Weirdness & Mutations

((You are very nimble when in or above water. (Stealth+, EV+, Speed+++)))
Your lower body shifts to a powerful aquatic tail in water.


Message History

A bat comes into view.
Your bat hits the endoplasm but does no damage.
Found a scroll labelled TENAT WOCINO.
You swap places.
You hit the endoplasm but do no damage.
The endoplasm is moderately wounded.
Your bat hits the endoplasm but does no damage. x2
The endoplasm barely misses you.
You hit the endoplasm.
The endoplasm is severely wounded.
Your bat hits the endoplasm but does no damage.
The endoplasm hits your bat.
Your bat dies!
Your bat's corpse disappears in a puff of smoke!
The endoplasm quivers.
Casting: Summon Small Mammal (safe; 3% risk of failure)
Press: ? - help, Q - select action Dir - look around, f - activate Something barely misses your bat.
The endoplasm hits you.
A hobgoblin comes into view.
You hit the endoplasm but do no damage.
The endoplasm is severely wounded.
Your bat hits the endoplasm. The endoplasm hits you.
You barely miss the endoplasm.
The endoplasm is almost dead.
The goblin hits something but does no damage.
The endoplasm closely misses you.
You hit the endoplasm but do no damage.
The endoplasm is severely wounded.
The endoplasm hits you. The hobgoblin hits you.
The goblin hits something with a +0 dagger.
You hit the hobgoblin but do no damage. The hobgoblin hits you.
* * * LOW HITPOINT WARNING * * *
The goblin misses something.
The endoplasm freezes you.
You are frozen.
* * * LOW HITPOINT WARNING * * *
Casting: Summon Small Mammal (safe; 3% risk of failure)
Press: ? - help, Q - select action Dir - look around, f - activate The endoplasm barely misses you.
The hobgoblin hits you.
You die...

#.# ..?. #.#....
#..... #.#.. ##...
... #b# ###g#
#r@b# #J######.#
..... #.#.!..>g...
.....
#.#..#########
#....
#.#..........
#....
#.#........#.
....##.#..$.......
...........#.##..$
#.........# ..


You could see an endoplasm (ally target), a hobgoblin, a bat, a friendly quokka
(summoned) and a friendly bat (summoned).

Vanquished Creatures
  A bat (D:1)
  A frilled lizard (D:1)
2 creatures vanquished.

Vanquished Creatures (collateral kills)
  2 dart slugs (D:1)
  2 ball pythons (D:1)
  3 bats (D:1)
  4 hobgoblins
  3 jackals (D:1)
  A kobold (D:1)
15 creatures vanquished.

Grand Total: 17 creatures vanquished

Notes
Turn   | Place    | Note
-------+----------+-------------------------------------------
     0 | D:1      | Nurgordie the Merfolk Summoner began the quest for the Orb.
     0 | D:1      | Reached XP level 1. HP: 13/13 MP: 3/3
   454 | D:1      | Reached XP level 2. HP: 10/19 MP: 1/5
  1191 | D:1      | Found a faded altar of an unknown god.
  1499 | D:2      | Slain by a hobgoblin

Illustrated notes

Levels and vault maps discovered:
D:1:      grunt_arrival_crossed_arrows, layout_basic,
          shapermc_ecumenical_altar_flowoftime
D:2:      layout_basic

Action                   || total
-------------------------++-------
Melee: Unarmed           ||    46
 Cast: Summon Small Mamm ||    31
 Stab: Sleeping          ||     1
Armor: Robe              ||    16
Dodge: Dodged            ||    55
